 Dungeon Crawl Stone Soup version 0.31-a0-489-g282fc92437 (webtiles) character file.

Game seed: 2493628194827836197

968 GordonOverkill the Basher (level 8, -3/52 HPs)
             Began as an Octopode Delver on Aug 8, 2023.
             Slain by a water moccasin (7 damage)
             ... on level 6 of the Dungeon.
             The game lasted 00:08:25 (4042 turns).

GordonOverkill the Basher (Octopode Delver)         Turns: 4042, Time: 00:08:26

Health: -3/52      AC:  1    Str: 12    XL:     8   Next: 16%
Magic:  8/8        EV: 13    Int: 14    God:
Gold:   25         SH:  0    Dex: 16    Spells: 7/7 levels left

rFire   + + .        m - +8 whip of a treasure trove {flame, Contam rF+ Will+ Dex+3}
rCold   + . .        (no shield)
rNeg    . . .        (helmet restricted)
rPois   .            e - amulet of regeneration
rElec   .            i - ring of protection from fire
rCorr   +            t - ring of protection from cold
SInv    .            o - ring of resist corrosion
Will    +....        (no ring)
Stlth   ++++         (no ring)
HPRegen 1.08/turn    (no ring)
MPRegen 0.11/turn    (no ring)
                     (no ring)

%: no passive effects
@: mighty, lethally poisoned (-3 -> -4)
A: almost no armour, amphibious, 8 rings, camouflage 1, gelatinous body 1,
(nimble swimmer 1), tentacles
a: no special abilities


You were on level 6 of the Dungeon.
You visited 2 branches of the dungeon, and saw 9 of its levels.

You collected 214 gold pieces.
You spent 189 gold pieces at shops.

Inventory:

Hand Weapons
 m - the +8 whip of a treasure trove (weapon) {flame, Contam rF+ Will+ Dex+3}
   (You found it on level 7 of the Dungeon)

   Dex:       It affects your dexterity (+3).
   rF:        It protects you from fire.
   Contam:    It causes magical contamination when unequipped.
   Will:      It increases your willpower.
Missiles
 g - 7 atropa-tipped darts
 w - 8 boomerangs (quivered)
 y - 6 poisoned darts
Jewellery
 e - an amulet of regeneration (around mantle)
 i - a ring of protection from fire (left tentacle)
 o - a ring of resist corrosion (on tentacle)
 t - a ring of protection from cold (right tentacle)
Wands
 f - a wand of digging (3)
 z - a wand of charming (4)
Scrolls
 a - a scroll of amnesia
 b - 2 scrolls of fog
 c - a scroll of revelation
 d - a scroll of vulnerability {unknown}
 n - a scroll of enchant weapon
 r - a scroll of brand weapon
 s - 2 scrolls of enchant armour {unknown}
 v - a scroll of fear
 x - a scroll of immolation {unknown}
 A - a scroll of identify
Potions
 h - 2 potions of brilliance
 j - 2 potions of resistance {unknown}
 k - 2 potions of might
 l - 2 potions of degeneration {unknown}
 p - a potion of berserk rage
 q - a potion of haste
 u - 4 potions of curing {unknown}


   Skills:
 - Level 3.0 Fighting
 - Level 3.6 Short Blades
 + Level 8.2 Maces & Flails
 - Level 2.0 Throwing
 - Level 2.0 Dodging
 - Level 6.6 Stealth


You had 7 spell levels left.
You didn't know any spells.
Your spell library contained the following spells:

 Spells                   Type           Power      Damage    Failure   Level
 Apportation              Tloc           0%         N/A       28%         1
 Magic Dart               Conj           0%         1d3       28%         1
 Slow                     Hex            0%         N/A       28%         1
 Searing Ray              Conj           0%         2d4       41%         2
 Confusing Touch          Hex            0%         N/A       65%         3
 Vampiric Draining        Necr           0%         2d6       65%         3
 Volatile Blastmotes      Fire/Tloc      0%         2d10      65%         3
 Fulminant Prism          Conj/Hex       0%         3d5       96%         4
 Iskenderun's Mystic Bla  Conj/Tloc      0%         2d3       96%         4
 Alistair's Intoxication  Tmut/Pois      0%         N/A       100%        5


Dungeon Overview and Level Annotations

Branches:
Dungeon (8/15)             Temple (1/1) D:7
   Lair: D:8-11

Altars:
Ashenzari
Cheibriados
Elyvilon
Fedhas
Gozag
Hepliaklqana
Makhleb
Nemelex Xobeh
Qazlal
Sif Muna
Trog
Uskayaw
Wu Jian
Xom
Yredelemnul
Zin
The Shining One

Shops:
D:4 (

Annotations:
D:6 3 runed translucent doors


Innate Abilities, Weirdness & Mutations

You cannot wear most types of armour.
You are amphibious.
You can wear up to eight rings at the same time.
Your skin changes colour to match your surroundings (Stealth+).
Your rubbery body absorbs attacks. (AC +1, EV +1)
((You are camouflaged when in or above water. (Stealth+)))
You have tentacles for arms and can constrict up to eight enemies at once.


Message History

An orc wizard is nearby!
A water moccasin, a bullfrog and a wight come into view.
The wight is wielding a +3 hand axe of freezing.
Found an escape hatch in the floor.
Found a stone staircase leading down.
A wight comes into view. It is wielding a +5 flail.
The water moccasin hisses angrily.
A wight comes into view. It is wielding a +2 scimitar.
There is an escape hatch in the floor here.
You miss the water moccasin.
The orc wizard shouts!
Your grab misses the water moccasin. You squeeze the water moccasin!
The water moccasin is moderately wounded.
The bullfrog gives a loud, deep croak!
The water moccasin bites you.
You hit the water moccasin. You burn the water moccasin.
You grab the water moccasin.
The water moccasin is heavily wounded.
You constrict the water moccasin, but do no damage.
The bullfrog hits you! The orc wizard barely misses you.
The water moccasin bites you.
You are poisoned.
The water moccasin poisons you!
You release your grip on the water moccasin.
You feel very sick. The water moccasin closely misses you.
The bullfrog hits you.
* * * LOW HITPOINT WARNING * * *
The water moccasin attacks as you move away!
The water moccasin bites you!
* * * LOW HITPOINT WARNING * * *
You feel very sick. The wight hits you with a +2 scimitar!
* * * LOW HITPOINT WARNING * * *
You feel very sick. The water moccasin bites you.
* * * LOW HITPOINT WARNING * * *
Okay, then.
It was a potion of might.
You feel very mighty all of a sudden.
You feel sick. The water moccasin bites you!
You die...

# .# .
#########.#..
...###...........#
#....<.@.......#
#.##.###SF.##.. #.
#oz.##..# #.
#zo......
#....z......#
#......>.....
#...........#
#.###...##..# #.
..... ...


You could see a water moccasin, a bullfrog, 3 wights, an orc wizard and an orc.

Vanquished Creatures
  A black bear (D:5)
  A centaur (D:5)
  2 ogres
  2 phantoms
  A bullfrog (D:7)
  A scorpion (D:6)
  2 howler monkeys (D:5)
  3 hounds
  Ijyb (D:2)
  An iguana (D:5)
  5 adders
  A white imp (D:7)
  An ufetubus (D:4)
  7 orcs
  4 endoplasms
  2 giant cockroaches
  12 goblins
  9 hobgoblins
  10 jackals
  10 ball pythons
  5 bats
  2 frilled lizards (D:1)
  5 kobolds
  5 rats
93 creatures vanquished.

Notes
Turn   | Place    | Note
-------+----------+-------------------------------------------
     0 | D:5      | GordonOverkill the Octopode Delver began the quest for the
                  | Orb.
     0 | D:5      | Reached XP level 1. HP: 16/16 MP: 1/1
     6 | D:5      | Noticed a black bear
    25 | D:6      | Noticed a centaur
    67 | D:6      | Noticed an orc wizard
   130 | D:6      | Noticed a scorpion
   202 | D:5      | Noticed a centaur
   257 | D:4      | Noticed a hound
   337 | D:7      | Found a staircase to the Ecumenical Temple.
   350 | Temple   | Entered the Ecumenical Temple
   375 | D:7      | Noticed a bullfrog
   379 | D:7      | Killed a bullfrog
   380 | D:7      | Reached XP level 2. HP: 20/21 MP: 2/2
   380 | D:7      | Reached XP level 3. HP: 24/26 MP: 3/3
   380 | D:7      | Reached XP level 4. HP: 29/31 MP: 4/4
   408 | D:7      | Identified the +8 whip of a treasure trove {flame, Contam
                  | rF+ Will+ Dex+3}
   494 | D:7      | Reached skill level 1 in Maces & Flails
   556 | D:6      | Found a runed translucent gate.
   556 | D:6      | Found a runed translucent gate.
   556 | D:6      | Found a runed translucent gate.
   607 | D:4      | Reached skill level 2 in Maces & Flails
   651 | D:4      | Noticed a phantom
   652 | D:4      | Found Wofippui's Antique Weapon Boutique.
   660 | D:4      | Killed a phantom
   661 | D:4      | Reached skill level 3 in Maces & Flails
   661 | D:4      | Reached XP level 5. HP: 36/36 MP: 5/5
   887 | D:3      | Noticed an ogre
   893 | D:3      | Killed an ogre
   894 | D:3      | Reached skill level 4 in Maces & Flails
   894 | D:3      | Reached XP level 6. HP: 42/42 MP: 6/6
  1878 | D:2      | Noticed Ijyb
  1894 | D:2      | Killed Ijyb
  1895 | D:2      | Reached skill level 5 in Maces & Flails
  3126 | D:4      | Reached XP level 7. HP: 46/46 MP: 7/7
  3153 | D:4      | Found a bloodstained altar of Trog.
  3540 | D:5      | Reached skill level 6 in Maces & Flails
  3666 | D:5      | HP: 1/46 [ogre/+0 giant spiked club (31)]
  3703 | D:6      | Reached skill level 7 in Maces & Flails
  3791 | D:5      | Reached XP level 8. HP: 52/52 MP: 8/8
  3915 | D:5      | Reached skill level 8 in Maces & Flails
  4004 | D:4      | Bought an iridescent rapier for 189 gold pieces
  4004 | D:4      | Identified the +5 rapier "Xepith" {flame, *Corrode Str+6}
                  | (You bought it in a shop on level 4 of the Dungeon)
  4042 | D:6      | Slain by a water moccasin

Illustrated notes

Levels and vault maps discovered:
D:1:      minmay_arrival_doors, layout_loops_ring, serial_rivers,
          chequers_serial_rivers_micro_c, chequers_serial_rivers_small_a,
          chequers_serial_rivers_micro_b, chequers_serial_rivers_small_3,
          kennysheep_another_room
D:2:      kennysheep_the_goblin_king, layout_loops_corners
D:3:      layout_rooms, grunt_ministairs_7
D:4:      layout_cave_pods, trog_book, serial_shops, shop
D:5:      layout_cave_pools
D:6:      layout_loops_ring, gammafunk_ghost_icy, uniq_eustachio
D:7:      layout_basic, temple_pool_b, minmay_misc_feat_pillars,
          minmay_chambers_of_fives
D:8:      cheibrodos_quashed, layout_basic, old_standard_altar,
          kennysheep_okawaru_gauntlet, kennysheep_windowed_goal, uniq_amaemon,
          uniq_maggie, uniq_pikel
Temple:   kb_temple_of_zot

Skill      XL: |  1  2  3  4  5  6  7  8 |
---------------+-------------------------+-----
Short Blades   | 3 |  3.6
Throwing       | 2 |  2.0
Maces & Flails | 3 4 5 7 8 |  8.2
Fighting       | |  3.0
Dodging        | |  2.0
Stealth        | |  6.6

Action                     |  1- 3 |  4- 6 |  7- 9 || total
---------------------------+-------+-------+-------++-------
  Melee: Short sword       |     9 |       |       ||     9
         Constrict         |     3 |    20 |     8 ||    31
         Whip              |       |   117 |    39 ||   156
         Tentacles         |       |    16 |     6 ||    22
  Throw: Dart              |     1 |       |       ||     1
    Use: Potion            |     1 |       |     1 ||     2
         Scroll            |       |     7 |       ||     7
   Stab: Sleeping          |     1 |    28 |       ||    29
         Distracted        |       |     3 |       ||     3
 Armour: Skin              |     1 |     3 |     3 ||     7
  Dodge: Dodged            |     7 |    59 |    35 ||   101

Table legend: (Time is in decaauts)
 A = Elapsed time spent in this place.
 B = Non-inter-level travel time spent in this place.
 C = Inter-level travel time spent in this place.
 D = Time resting spent in this place.
 E = Time spent auto-exploring this place.
 F = Levels seen in this place.
 G = Mean time per level.
                   A        B        C        D        E       F      G
               +--------+--------+--------+--------+--------+-----+--------+
         Total |   3999 |   3697 |    302 |    281 |   2223 |   9 |  444.3 |
       Dungeon |   3997 |   3695 |    302 |    281 |   2223 |   8 |  499.6 |
        Temple |      1 |      1 |      0 |      0 |      0 |   1 |    1.0 |
               +--------+--------+--------+--------+--------+-----+--------+

Top non-repeatable levels by time:
     D:4: 930 daAuts
     D:2: 840 daAuts
     D:1: 783 daAuts
     D:5: 660 daAuts
     D:3: 361 daAuts
     D:6: 195 daAuts
     D:7: 195 daAuts
     D:8: 31 daAuts
  Temple: 1 daAuts
